 Dungeon Crawl Stone Soup version 0.29.1-15-g9cfb28693d (webtiles) character file.

Game seed: 8282224371301680901

119 javelincjr the Trooper (level 4, 0/36 HPs)
             Began as a Demonspawn Abyssal Knight on Mar 23, 2023.
             Was a Believer of Lugonu.
             Slain by Natasha (8 damage)
             ... on level 2 of the Dungeon.
             The game lasted 00:03:49 (2868 turns).

javelincjr the Trooper (Demonspawn Abyssal Knight)  Turns: 2868, Time: 00:03:50

Health: 0/36       AC:  3    Str: 13    XL:     4   Next: 73%
Magic:  6/6        EV: 12    Int: 13    God:    Lugonu [**....]
Gold:   116        SH:  5    Dex: 14    Spells: 3/3 levels left

rFire   . . .      SeeInvis .   a - +1 hand axe
rCold   . . .      Faith    .   (no shield)
rNeg    . . .      Spirit   .   b - +0 leather armour
rPois   .          Reflect  +   (no helmet)
rElec   .          Harm     .   d - scarf {shadows}
rCorr   .          Rampage  .   (no gloves)
Will    .....                   (no boots)
Stlth   +.........              h - amulet of reflection
HPRegen 0.12/turn               (no ring)
MPRegen 0.10/turn               (no ring)

@: no status effects
A: ignite blood 1
a: Renounce Religion, Depart the Abyss, Bend Space


You were on level 2 of the Dungeon.
You worshipped Lugonu.
Lugonu was pleased with you.
You visited 1 branch of the dungeon, and saw 2 of its levels.
You visited the Abyss 1 time.

You collected 116 gold pieces.

Inventory:

Hand Weapons
 a - a +1 hand axe (weapon)
Armour
 b - a +0 leather armour (worn)
 d - a scarf of shadows (worn)
Jewellery
 h - an amulet of reflection (around neck)
Wands
 l - a wand of acid (4)
Scrolls
 f - a scroll of fog {unknown}
 j - a scroll of noise {unknown}
 m - a scroll of teleportation {unknown}
 o - a scroll of amnesia {unknown}
Potions
 c - a potion of flight {unknown}
 e - a potion of brilliance {unknown}
 g - a potion of mutation {unknown}
 i - 3 potions of ambrosia {unknown}
 k - a potion of cancellation {unknown}
 n - a potion of resistance {unknown}


   Skills:
 + Level 3.6 Fighting
 + Level 2.5 Axes
 + Level 2.5 Armour
 + Level 1.9 Dodging
 + Level 3.5 Invocations


You had 3 spell levels left.
You didn't know any spells.
Your spell library contained the following spells:

 Spells                   Type           Power      Damage    Failure   Level
 Call Canine Familiar     Summ           0%         N/A       75%         3
 Portal Projectile        Hex/Tloc       0%         N/A       75%         3
 Leda's Liquefaction      Hex/Erth       0%         N/A       98%         4


Dungeon Overview and Level Annotations

Branches:
Dungeon (2/15)

Altars:
Yredelemnul

Annotations:
D:2 Natasha, Sigmund


Innate Abilities, Weirdness & Mutations

Your demonic aura sometimes causes spilled blood to erupt in flames.


Message History

Natasha, Servant of Life and Death comes into view.
Natasha hisses angrily.
Natasha stares at you and mumbles some strange words.
You resist with some effort.
Natasha stares at you and mumbles some strange words.
The magic dart hits you!
Natasha mumbles some strange words.
You block Natasha's attack.
You hit Natasha.
Natasha is lightly wounded.
Natasha mumbles some strange words.
You barely miss Natasha.
Natasha is lightly wounded.
Natasha misses you.
You hit Natasha.
Natasha is moderately wounded.
Natasha completely misses you.
You closely miss Natasha.
Natasha is moderately wounded.
Natasha misses you. Natasha casts a spell at you. The magic dart hits you.
You closely miss Natasha.
Natasha is moderately wounded.
Natasha claws you!
The crimson imp blinks!
You are too injured to fight recklessly!
You are too injured to fight recklessly!
You barely miss Natasha.
Natasha is moderately wounded.
Natasha stares at you and mumbles some strange words.
You resist with some effort.
The shadow imp shouts, "Get thee gone, thou bootless full-gorged nobody!"
You barely miss Natasha.
Natasha is moderately wounded.
Natasha claws you!
* * * LOW HITPOINT WARNING * * *
You hit Natasha.
Natasha is heavily wounded.
You block Natasha's attack. Natasha claws you!
You die...

.........# #...........
#######..# #####.#####
#†.#######.#
#..##......#
#..##.######
#######..##.#
.....##..##.#
####.##..##.############
#.........55h@......#
####.#.#.#...#########.#
..(..#.#.#...# #.#
#........#...# #.#
..#.......#.## #.#
#.#..#......### #.#
#.............# #.#
..^.........#.# #.#
#.#.......#.#.# #.#


You could see Natasha, a crimson imp (summoned) and a shadow imp (summoned).

Vanquished Creatures
  Natasha (twice) (D:2)
  3 adders (D:2)
  A worm (D:2)
  2 dart slugs
  3 bats
  2 endoplasms
  A giant cockroach (D:1)
  2 goblins
  5 hobgoblins
  4 jackals (D:1)
  2 quokkas (D:1)
  4 ball pythons (D:1)
  3 kobolds
  A rat (D:1)
35 creatures vanquished.

Notes
Turn   | Place    | Note
-------+----------+-------------------------------------------
     0 | Abyss:1  | javelincjr the Demonspawn Abyssal Knight began the quest
                  | for the Orb.
     0 | Abyss:1  | Reached XP level 1. HP: 18/18 MP: 2/2
    49 | Abyss:1  | Found a corrupted altar of Lugonu.
   135 | Abyss:1  | Noticed an ancient zyme
   143 | Abyss:1  | Noticed a thrashing horror
   146 | D:1      | Escaped the Abyss
   205 | D:1      | Reached skill level 1 in Dodging
   351 | D:1      | Found a faded altar of an unknown god.
   432 | D:1      | Reached ** piety under Lugonu
   433 | D:1      | Gained mutation: Your demonic aura sometimes causes spilled
                  | blood to erupt in flames. [demonic ancestry]
   433 | D:1      | Reached XP level 2. HP: 24/24 MP: 4/4
  1477 | D:2      | Reached XP level 3. HP: 20/29 MP: 5/5
  1773 | D:2      | Found a basalt altar of Yredelemnul.
  2197 | D:2      | Noticed Sigmund
  2275 | D:2      | Reached XP level 4. HP: 28/35 MP: 6/6
  2338 | D:2      | Noticed Natasha
  2352 | D:2      | Killed Natasha
  2573 | D:2      | Noticed Natasha
  2590 | D:2      | Killed Natasha
  2852 | D:2      | Noticed Natasha
  2868 | D:2      | Slain by Natasha

Illustrated notes

Levels and vault maps discovered:
D:1:      wander_arrival_chamber, layout_loops_corners,
          shapermc_ecumenical_altar_ellora, nicolae_figureground_pulse
D:2:      layout_loops_ring, basic_altar, uniq_natasha, uniq_sigmund

Skill      XL: |  1  2 |
---------------+-------+-----
Dodging        | 1 |  1.9
Axes           | 2 |  2.5
Armour         | 2 |  2.5
Invocations    | 3 |  3.5
Fighting       | |  3.6

Action                   |  1- 3 |  4- 6 || total
-------------------------+-------+-------++-------
Melee: Hand axe          |   107 |    32 ||   139
       Punch             |     2 |       ||     2
Invok: Depart the Abyss  |     1 |       ||     1
Armor: Leather armour    |    26 |     1 ||    27
Dodge: Dodged            |    58 |    13 ||    71
Block: Other             |    18 |     5 ||    23
